 Dungeon Crawl Stone Soup version 0.29.1-12-g30fa7ad0bf (webtiles) character file.

Game seed: 3817021106836267266

281 zeram the Chopper (level 6, 0/53 HPs)
             Began as a Hill Orc Fighter on Dec 26, 2022.
             Slain by a gnoll
             ... wielding a +1 halberd of freezing
              (5 damage)
             ... on level 4 of the Dungeon.
             The game lasted 00:04:06 (3791 turns).

zeram the Chopper (Hill Orc Fighter)                Turns: 3791, Time: 00:04:07

Health: 0/53       AC: 13    Str: 21    XL:     6   Next: 27%
Magic:  6/6        EV:  6    Int:  8    God:
Gold:   83         SH:  4    Dex: 10    Spells: 5/5 levels left

rFire   . . .      SeeInvis .   a - +0 war axe
rCold   . . .      Faith    .   c - +0 buckler
rNeg    . . .      Spirit   .   p - +0 plate armour
rPois   .          Reflect  .   (no helmet)
rElec   .          Harm     .   (no cloak)
rCorr   .          Rampage  .   (no gloves)
Will    .....                   i - +0 pair of boots
Stlth   ..........              o - amulet of the acrobat
HPRegen 0.17/turn               (no ring)
MPRegen 0.10/turn               (no ring)

@: no status effects
A: no striking features
a: no special abilities


You were on level 4 of the Dungeon.
You visited 1 branch of the dungeon, and saw 4 of its levels.

You collected 164 gold pieces.
You spent 81 gold pieces at shops.

Inventory:

Hand Weapons
 a - a +0 war axe (weapon)
 g - a +0 vampiric dagger
Armour
 b - a +0 scale mail
 c - a +0 buckler (worn)
 i - a +0 pair of boots (worn)
 p - a +0 plate armour (worn)
Jewellery
 o - an amulet of the acrobat (around neck)
 r - a +4 ring of protection
Scrolls
 d - a scroll of vulnerability {unknown}
 e - 4 scrolls of teleportation
 m - 3 scrolls of fear
 n - a scroll of silence
Potions
 f - 5 potions of curing
 h - 2 potions of degeneration
 j - 2 potions of lignification {unknown}
 k - 3 potions of flight
 q - a potion of magic {unknown}


   Skills:
 + Level 4.6 Fighting
 + Level 5.5 Axes
 + Level 4.7 Armour
 + Level 1.3 Dodging
 + Level 3.8 Shields


You had 5 spell levels left.
You didn't know any spells.
Your spell library contained the following spells:

 Spells                   Type           Power      Damage    Failure   Level
 Sting                    Tmut/Pois      0%         1d3       100%        1
 Poisonous Vapours        Pois/Air       0%         N/A       100%        2
 Olgreb's Toxic Radiance  Pois           0%         N/A       100%        4


Dungeon Overview and Level Annotations

Branches:
Dungeon (4/15)
 Temple: D:4-7

Altars:
Vehumet

Shops:
D:3 *


Message History

The gnoll hits you from afar with a +0 spear.
The gnoll barely misses you.
The gnoll hits you from afar with a +1 halberd of freezing.
The gnoll freezes you.
You slash the gnoll!
You kill the gnoll!
The gnoll hits you from afar with a +1 halberd of freezing!
The gnoll freezes you. The gnoll closely misses you.
Unknown command.
You are too injured to fight recklessly!
Unknown command.
You are too injured to fight recklessly!
Unknown command.
You are too injured to fight recklessly!
Okay, then.
You block the gnoll's attack. Why would you want to do that?
Found 13 gold pieces.
You see here a +0 spear.
You see here a +0 flail.
Okay, then.
The gnoll completely misses you.
You see here a +0 flail.
The gnoll misses you. You block the gnoll's attack.
You see here a +0 spear.
You hit the gnoll.
The gnoll is lightly wounded.
The gnoll hits you but does no damage. You block the gnoll's attack.
You barely miss the gnoll.
The gnoll is lightly wounded.
The gnoll hits you with a +1 halberd of freezing!
The gnoll freezes you. You block the gnoll's attack.
You barely miss the gnoll.
The gnoll is lightly wounded.
The gnoll hits you with a +1 halberd of freezing.
The gnoll freezes you. The gnoll barely misses you.
The gnoll hits you with a +1 halberd of freezing!
* * * LOW HITPOINT WARNING * * *
The gnoll freezes you.
You die...

#.§..§§...≈.# ##.....#.#
#.≈.#.###§§§# ##.##..#.
#.≈.#...#.§.######.##.###
#.≈.#._.#.≈§.........## #
#.≈.#...#.§..#####.##.###
#.§.###.#.≈..# #.###.#.
#.≈.§..§..≈.######.# ##.#
#.§§.§≈§≈≈≈.....##.# ###
#....ggg@)...##.##.#
#...###.###### #.# ###.#
#.# ... #.# #.# #.# #.#
#.. ... #.. ... #..###$


You could see 2 gnolls and a goblin.

Vanquished Creatures
  An ogre (D:4)
  An orc priest (D:4)
  2 orc wizards
  2 adders
  2 gnolls (D:4)
  A worm (D:3)
  A dart slug (D:1)
  4 orcs
  6 bats
  4 endoplasms (D:1)
  4 giant cockroaches
  6 goblins
  5 hobgoblins
  A quokka (D:2)
  10 ball pythons
  4 frilled lizards
  7 kobolds
  5 rats
66 creatures vanquished.

Vanquished Creatures (others)
  2 plants (D:1)
2 creatures vanquished.

Grand Total: 68 creatures vanquished

Notes
Turn   | Place    | Note
-------+----------+-------------------------------------------
     0 | D:1      | zeram the Hill Orc Fighter began the quest for the Orb.
     0 | D:1      | Reached XP level 1. HP: 19/19 MP: 1/1
   250 | D:1      | Reached XP level 2. HP: 24/27 MP: 2/2
   521 | D:1      | Reached skill level 3 in Axes
   652 | D:1      | Reached XP level 3. HP: 33/33 MP: 3/3
  1315 | D:2      | Found a faded altar of an unknown god.
  1930 | D:3      | Found Qaanuhergh's Assorted Antiques.
  2036 | D:3      | Bought a scroll of teleportation for 81 gold pieces
  2134 | D:3      | Reached XP level 4. HP: 29/40 MP: 4/4
  2723 | D:3      | Identified the +4 short sword "Gechuirr" {spect, Contam
                  | rElec Dex+4}
  3136 | D:3      | Reached skill level 1 in Dodging
  3331 | D:4      | Noticed an ogre
  3339 | D:4      | Killed an ogre
  3340 | D:4      | Reached skill level 4 in Axes
  3340 | D:4      | Reached XP level 5. HP: 7/47 MP: 5/5
  3615 | D:4      | Reached skill level 5 in Axes
  3615 | D:4      | Reached XP level 6. HP: 43/53 MP: 6/6
  3743 | D:4      | Found a radiant altar of Vehumet.
  3791 | D:4      | Slain by a gnoll

Illustrated notes

Levels and vault maps discovered:
D:1:      giann_bridges, layout_loops_corners, minmay_heptomino_w4
D:2:      layout_basic, shapermc_ecumenical_altar_pompeii, chequers_big_river
D:3:      layout_basic, serial_shops, shop, glass_columns_b, grunt_ministairs_2
D:4:      minmay_recursive_quarters, layout_loops_corners,
          dk_yredelemnul_ordeal, kennysheep_mini_moat,
          mainiacjoe_overflow_brackets, grunt_temple_overflow_opulence,
          minmay_strange_pillars

Skill      XL: |  1  2  3  4  5 |
---------------+----------------+-----
Axes           | 3 4 5 |  5.5
Fighting       | 4 |  4.6
Armour         | 4 |  4.7
Dodging        | 1 |  1.3
Shields        | |  3.8

Action                   |  1- 3 |  4- 6 || total
-------------------------+-------+-------++-------
Melee: War axe           |   119 |    94 ||   213
  Use: Scroll            |     6 |     3 ||     9
       Potion            |       |     1 ||     1
Armor: Scale mail        |    55 |       ||    55
       Plate armour      |    16 |    47 ||    63
Dodge: Dodged            |    51 |    30 ||    81
Block: Buckler           |    27 |    19 ||    46
